 Dungeon Crawl Stone Soup version 0.31-a0-358-gac0dbeb3ab (webtiles) character file.

Game seed: 7063989773166780928

371 garrulousMonolith the Changeling (level 6, -1/61 HPs)
             Began as an Octopode Shapeshifter on July 25, 2023.
             Slain by a wight
             ... wielding a +0 halberd
              (5 damage)
             ... on level 6 of the Dungeon.
             The game lasted 00:04:02 (2509 turns).

garrulousMonolith the Changeling (OpSh)             Turns: 2509, Time: 00:04:03

Health: -1/61      AC: 27    Str: 14    XL:     6   Next: 71%
Magic:  6/6        EV:  2    Int: 10    God:
Gold:   159        SH:  0    Dex: 15    Spells: 5/5 levels left

rFire   . .          .
                       - Unarmed
rCold   . . .        (no shield)
rNeg    . . .        (helmet currently unavailable)
rPois   +            (no amulet)
rElec   .            i - +4 ring of protection
rCorr   .            (no ring)
SInv    +            (no ring)
Will    .....        (no ring)
Stlth   ++           (no ring)
HPRegen 0.30/turn    (no ring)
MPRegen 0.10/turn    (no ring)
                     (no ring)

%: no passive effects
@: tree-form (expiring)
A: stationary, stasis, torment immunity, boosted hp, almost no armour,
(amphibious), 8 rings, (camouflage 1), (gelatinous body 1), (nimble swimmer 1),
(tentacles)
a: no special abilities


You were on level 6 of the Dungeon.
You were a tree.
You visited 1 branch of the dungeon, and saw 6 of its levels.

You collected 159 gold pieces.

Inventory:

Magical Staves
 e - a staff of air
Jewellery
 i - a +4 ring of protection (left branch)
Talismans
 b - a beast talisman
Scrolls
 c - a scroll of identify
 d - a scroll of fear
 f - a scroll of teleportation
 k - a scroll of fog


   Skills:
 + Level 2.7 Fighting
 + Level 3.3 Dodging
 + Level 3.4 Stealth
 + Level 3.9 Unarmed Combat
 * Level 4.3 Shapeshifting


You had 5 spell levels left.
You didn't know any spells.
Your spell library was empty.

Dungeon Overview and Level Annotations

Branches:
Dungeon (7/15)
 Temple: D:4-7

Altars:
Kikubaaqudgha
Makhleb
Qazlal
Xom


Innate Abilities, Weirdness & Mutations

You are a tree.
Your roots penetrate the ground, keeping you stationary.
You cannot be teleported.
You are immune to unholy pain and torment.
Your maximum health is greatly increased.
You cannot wear most types of armour.
((You are amphibious.))
You can wear up to eight rings at the same time.
((Your skin changes colour to match your surroundings (Stealth+).))
((Your rubbery body absorbs attacks. (AC +1, EV +1)))
((You are camouflaged when in or above water. (Stealth+)))
((You have tentacles for arms and can constrict up to eight enemies at once.))


Message History

The wight hits you from afar with a +0 halberd.
* * * LOW HITPOINT WARNING * * *
The kobold brigand hits you but does no damage.
You smack the kobold brigand!
You kill the kobold brigand!
The wight hits you but does no damage.
Your life force feels restored.
You cannot move.
Throw: dart (atropa)
Press: ? - help, Shift-Dir - straight line, f - wight
Aim: a wight, wielding a +0 halberd and wearing a +0 robe (56% to hit, immune)
You throw an atropa-tipped dart.
The atropa-tipped dart barely misses the wight.
The wight hits you but does no damage.
You aren't carrying any items that you can evoke.
As you read the scroll labelled DOIN YR SEISS, it crumbles to dust.
You feel a strange sense of stasis.
It was a scroll of teleportation.
The wight hits you from afar with a +0 halberd.
* * * LOW HITPOINT WARNING * * *
As you read the scroll labelled VOIZUVVIRCHEMP, it dissolves into smoke.
It was a scroll of fog.
Your transformation is almost over.
The wight hits you but does no damage.
As you read the scroll labelled WEACEWNU PEMNYU, it crumbles to dust.
You cannot blink because you are held in place by your roots.
It was a scroll of blinking.
The wight hits you but does no damage.
Nothing appears to happen.
As you read the scroll labelled ZATE SAECE, it crumbles to dust.
It was a scroll of poison.
The wight hits you but does no damage.
As you read the scroll labelled JEHOMA CELITZ, it crumbles to dust.
It is a scroll of enchant armour.
You aren't carrying any armour which can be enchanted further.
The wight completely misses you.
As you read the scroll labelled SUAQU OFONT, it crumbles to dust.
You feel aware of your surroundings.
You sensed 2 altars, and 4 shops/portals.
It was a scroll of revelation.
A wight comes into view. It is wielding a +4 dagger.
The wight hits you from afar with a +0 halberd.
You die...

############ *****
#..........############ *,,,**
#)########.############ *,,,,,
#.# ##.#####.###### *,,,** #.#
##.####.#.#####** **,**
#.########..§§§###...##,***,*,**
#..........§§§#####....,,,,***,*
####..####.#§§§###...z.,*,*,*,,*
#..# ##.#.##♣#.##.#.*,***,*,*
#####..####.#.###§###.#.,** *,*,*
#....o...#######§§z##.#.*****,,,,
#.###..###....#.§§§§§.....,,,,,*,
#.# #..# #.88.############***,,,,
#.# #..###.88.##....#### *,***
#.# #....'....#.####..## *,* *
#.# #...#####'#.####.C## *,***
#.# #.....##..#.**,,*** *,,,,


You could see a cyclops (wandering) and 2 wights.

Vanquished Creatures
  A kobold brigand (D:6)
  A phantom (D:6)
  A wight (D:6)
  2 iguanas
  A sleepcap (D:6)
  2 adders
  A gnoll (D:4)
  2 worms
  A dart slug (D:1)
  5 orcs
  5 bats
  6 endoplasms
  2 giant cockroaches
  5 goblins (D:1)
  4 hobgoblins
  A quokka (D:1)
  6 ball pythons
  3 frilled lizards (D:3)
  11 kobolds
  4 rats
64 creatures vanquished.

Notes
Turn   | Place    | Note
-------+----------+-------------------------------------------
     0 | D:1      | garrulousMonolith the Octopode Shapeshifter began the quest
                  | for the Orb.
     0 | D:1      | Reached XP level 1. HP: 13/13 MP: 1/1
    92 | D:1      | Reached XP level 2. HP: 12/18 MP: 2/2
   168 | D:1      | Found a faded altar of an unknown god.
   246 | D:1      | Reached skill level 1 in Stealth
   387 | D:1      | Reached XP level 3. HP: 23/23 MP: 3/3
  1515 | D:3      | Reached XP level 4. HP: 25/29 MP: 4/4
  1967 | D:3      | Found a sacrificial altar of Ru.
  1969 | D:3      | Found a blossoming altar of Fedhas.
  1969 | D:3      | Found a stormy altar of Qazlal.
  1971 | D:3      | Found a burning altar of Makhleb.
  1971 | D:3      | Found a shimmering altar of Xom.
  1971 | D:3      | Found an ancient bone altar of Kikubaaqudgha.
  1976 | D:3      | Identified the +3 ring mail "Xokis" {rF+ rCorr}
  2084 | D:4      | You fall into a shaft and drop 3 floors!
  2210 | D:6      | Reached XP level 5. HP: 25/34 MP: 5/5
  2337 | D:6      | Noticed a phantom
  2348 | D:6      | Killed a phantom
  2349 | D:6      | Reached skill level 4 in Shapeshifting
  2391 | D:6      | Noticed a cyclops
  2451 | D:6      | Noticed a kobold brigand
  2470 | D:6      | Reached XP level 6. HP: 21/41 MP: 6/6
  2504 | D:6      | HP: 3/61 [wight/+0 halberd (2)]
  2509 | D:6      | Slain by a wight

Illustrated notes

Levels and vault maps discovered:
D:1:      dpeg_arrival_arbitrary_c, layout_loops_ring, serial_aquarium,
          aquarium_bridge_long_separate [aquarium_subvault_bridge,
          aquarium_subvault_balcony, aquarium_subvault_balcony,
          aquarium_subvault_balcony, aquarium_subvault_bridge,
          aquarium_subvault_balcony], aquarium_bridge_straight
          [aquarium_subvault_bridge, aquarium_subvault_balcony,
          aquarium_subvault_bridge, aquarium_subvault_wall],
          aquarium_window_fake, aquarium_window_2, aquarium_view_2e,
          aquarium_view_2c, aquarium_pool_side,
          hellmonk_ecumenical_altar_lost_god
D:2:      layout_loops_cross
D:3:      layout_rooms, doesnt_xom_only_xom, grunt_ministairs_15
D:4:      layout_basic, uniq_eustachio
D:6:      minmay_chambers_of_fours, layout_loops_ring,
          mainiacjoe_overflow_alcove_4, nrook_pool_corridor,
          nicolae_shop_distant_corner_stores, amcnicky_altar_lugonu_corruption
D:7:      layout_basic, minmay_temple_entry_large_hall, serial_shops,
          nicolae_square_shop, gammafunk_ghost_cemetery, uniq_pikel

Skill      XL: |  1  2  3  4  5 |
---------------+----------------+-----
Stealth        | 1 2 3 |  3.4
Fighting       | 2 |  2.7
Dodging        | 3 |  3.3
Shapeshifting  | 4 |  4.3
Unarmed Combat | |  3.9

Action                     |  1- 3 |  4- 6 || total
---------------------------+-------+-------++-------
  Melee: Unarmed           |    80 |    66 ||   146
         Constrict         |    22 |    13 ||    35
         Tentacles         |    17 |     8 ||    25
         Punch             |     2 |     2 ||     4
  Throw: Dart              |       |     6 ||     6
         Boomerang         |       |     5 ||     5
    Use: Scroll            |     2 |     7 ||     9
         Potion            |       |     3 ||     3
   Stab: Sleeping          |     9 |     6 ||    15
 Armour: Skin              |     7 |    28 ||    35
  Dodge: Dodged            |    45 |    24 ||    69

Table legend: (Time is in decaauts)
 A = Elapsed time spent in this place.
 B = Non-inter-level travel time spent in this place.
 C = Inter-level travel time spent in this place.
 D = Time resting spent in this place.
 E = Time spent auto-exploring this place.
 F = Levels seen in this place.
 G = Mean time per level.
                   A        B        C        D        E       F      G
               +--------+--------+--------+--------+--------+-----+--------+
         Total |   2499 |   2411 |     88 |    281 |   1579 |   6 |  416.5 |
       Dungeon |   2499 |   2411 |     88 |    281 |   1579 |   6 |  416.5 |
               +--------+--------+--------+--------+--------+-----+--------+

Top non-repeatable levels by time:
     D:1: 807 daAuts
     D:2: 634 daAuts
     D:3: 574 daAuts
     D:6: 306 daAuts
     D:7: 115 daAuts
     D:4: 61 daAuts
